 Dungeon Crawl Stone Soup version 0.21.1-1-g345015f (webtiles) character file.

552 shakethe the Skirmisher (level 7, -1/45 HPs)
             Began as a Gargoyle Fighter on Feb 21, 2018.
             Slain by an orc warrior
             ... wielding a +1 dire flail of protection
              (19 damage)
             ... on level 6 of the Dungeon.
             The game lasted 00:07:54 (4847 turns).

shakethe the Skirmisher (Gargoyle Fighter)          Turns: 4847, Time: 00:07:54

Health: -1/45      AC: 14    Str: 20    XL:     7   Next: 29%
Magic:  7/7        EV:  7    Int: 10    God:
Gold:   282        SH:  9    Dex: 14    Spells: 6/6 levels left

rFire    . . .     SeeInvis .   a - +0 flail
rCold    . . .     Gourm    .   c - +0 shield
rNeg     + . .     Faith    .   b - +0 scale mail
rPois    ∞         Spirit   .   (no helmet)
rElec    +         Reflect  .   m - +0 cloak
rCorr    .         Harm     .   u - +0 pair of gloves
MR       .....                  (no boots)
Stlth    +.........             (no amulet)
HPRegen  0.15/turn              r - +5 ring of dexterity
MPRegen  0.10/turn              q - ring of stealth {Stlth+}

@: no status effects
A: negative energy resistance 1, electricity resistance, unbreathing,
petrification resistance, rot immunity, AC +4
a: no special abilities


You were on level 6 of the Dungeon.
You were not hungry.

You visited 1 branch of the dungeon, and saw 6 of its levels.
You also visited: Sewer.

You collected 282 gold pieces.

Inventory:

Hand Weapons
 a - a +0 flail (weapon)
Armour
 b - a +0 scale mail (worn)
 c - a +0 shield (worn)
 m - a +0 cloak (worn)
   (You found it on level 2 of the Dungeon)
 n - a +0 pair of boots
   (You found it on level 4 of the Dungeon)
 u - a +0 pair of gloves (worn)
   (You found it on level 3 of the Dungeon)
 v - a +0 pair of boots
   (You found it on level 4 of the Dungeon)
Jewellery
 q - a ring of stealth (right hand) {Stlth+}
   (You found it on level 2 of the Dungeon)
 r - a +5 ring of dexterity (left hand)
   (You found it on level 2 of the Dungeon)
 t - a +3 ring of intelligence
   (You found it on level 3 of the Dungeon)
Scrolls
 d - a scroll of amnesia {unknown}
 e - a scroll of immolation {unknown}
 i - 2 scrolls of identify
 j - 4 scrolls of fear {unknown}
 l - 3 scrolls of enchant armour {unknown}
 o - a scroll of fog {unknown}
 x - 2 scrolls of teleportation
Potions
 g - 5 potions of flight {unknown}
 h - 2 potions of curing {unknown}
 k - a potion of agility
 p - a potion of haste {unknown}
 s - a potion of mutation {unknown}
 w - 2 potions of heal wounds {unknown}
Comestibles
 f - 5 rations


   Skills:
 + Level 5.8 Fighting
 + Level 4.7 Maces & Flails
 + Level 5.7 Armour
 - Level 3.2 Shields


You had 6 spell levels left.
You didn't know any spells.

Dungeon Overview and Level Annotations

Branches:
Dungeon (6/15)
 Temple: D:4-7

Altars:
Ashenzari
Cheibriados
Hepliaklqana
Sif Muna
Trog
The Shining One


Innate Abilities, Weirdness & Mutations

You are resistant to torment.
Your stone body is resilient. (AC +4)
You are immune to poison.
You resist negative energy. (rN+)
You are resistant to electric shocks. (rElec)
You can survive without breathing.
You are immune to petrification.
You are immune to rotting.


Message History

No target in view!
No target in view!
No target in view!
No target in view!
Done exploring.
No target in view!
No target in view!
No target in view!
No target in view!
No target in view!
No target in view!
Done exploring.
No target in view!
Done exploring.
Done exploring.
Search for what [? for help]? armor Search for what [Enter for "armor", or ? for help]? armor Done exploring.
No target in view!
There is an escape hatch in the floor here.
There is a stone staircase leading down here.
You climb downwards.
There is a stone staircase leading up here.
A quokka comes into view.
You closely miss the quokka. The quokka barely misses you.
You hit the quokka. The quokka closely misses you.
You block the quokka's attack.
You completely miss the quokka. You block the quokka's attack.
You sock the quokka!
You kill the quokka!
No target in view!
You butcher the quokka corpse.
z - a chunk of flesh {@w0@w0} A worker ant, an orc warrior and 2 orc priests come into view.
The orc warrior is wielding a dire flail of protection.
The orc warrior shouts!
The orc priest shouts! x2
The worker ant twitches its antennae in your direction.
The orc priest mumbles some strange prayers to Beogh against you.
You struggle to resist.
You block the worker ant's attack.
You hit the worker ant but do no damage.
You block the worker ant's attack.
You hit the worker ant.
The worker ant bites you but does no damage. x2
You sock the worker ant! The worker ant barely misses you.
The worker ant closely misses you.
You completely miss the worker ant.
The worker ant bites you but does no damage.
You sock the worker ant!
You kill the worker ant!
The orc priest invokes the aid of Beogh against you.
Pain shoots through your body!
You take 5 damage, and have 39/44 hp.
The orc priest barely misses you.
You hit the orc priest. You block the orc priest's attack.
The orc warrior hits you but does no damage.
You sock the orc priest!
The orc priest looks satisfied for a moment.
The orc warrior hits you with a dire flail of protection!
You take 13 damage, and have 26/44 hp.
MASSIVE DAMAGE!!
You hit the orc priest.
You kill the orc priest!
The orc priest looks encouraged for a moment.
The orc warrior closely misses you.
There is a stone staircase leading up here.
You climb upwards.
There is a stone staircase leading down here.
You start resting.
Eating a chunk of flesh {@w0@w0}.
You eat the chunk of flesh {@w0@w0}.
Health restored: 45
There is a stone staircase leading down here.
You climb downwards.
The orc warrior hits you but does no damage.
You block the orc warrior's attack.
There is a stone staircase leading up here.
You barely miss the orc priest. You block the orc priest's attack.
You block the orc warrior's attack.
You hit the orc priest. The orc priest barely misses you.
The orc warrior hits you with a dire flail of protection!
You take 16 damage, and have 29/45 hp.
MASSIVE DAMAGE!!
You thump the orc priest!
You kill the orc priest!
The orc warrior hits you with a dire flail of protection.
You take 2 damage, and have 27/45 hp.
You see here a club.
You hit the orc warrior but do no damage.
The orc warrior hits you with a dire flail of protection!
You take 7 damage, and have 21/45 hp.
You barely miss the orc warrior. The orc warrior completely misses you.
The orc warrior closely misses you.
You hit the orc warrior. The orc warrior barely misses you.
You closely miss the orc warrior. You block the orc warrior's attack.
You barely miss the orc warrior.
The orc warrior hits you with a dire flail of protection.
You take 3 damage, and have 18/45 hp.
You closely miss the orc warrior.
The orc warrior hits you with a dire flail of protection!!
You die...

#.# #.o.....
#.#
#......###
#.# #.....%#
#.# ###.#
#.# ####..†#
#.###....###
#<##o.####
#o##o##
###@#..#
#.....##
#.....#
#.....#
#.....#
#######


You could see an orc warrior.

Vanquished Creatures
  Purgy (Sewer)
  A hound (D:5)
  2 orc priests (D:6)
  An orc wizard (D:4)
  2 iguanas (D:5)
  2 worker ants
  A hound skeleton (D:4)
  11 adders
  A shadow imp (D:5)
  2 oozes
  2 adder skeletons
  4 worms
  2 dart slugs
  3 leopard geckos
  4 orcs
  6 giant cockroaches
  8 goblins
  4 hobgoblins
  4 jackals
  7 quokkas
  2 ball pythons
  10 bats
  3 frilled lizards (D:1)
  8 kobolds
  A leopard gecko skeleton (D:4)
  7 rats
99 creatures vanquished.

Notes
Turn   | Place    | Note
-------+----------+-------------------------------------------
     0 | D:1      | shakethe the Gargoyle Fighter began the quest for the Orb.
     0 | D:1      | Reached XP level 1. HP: 14/14 MP: 1/1
   137 | D:1      | Reached XP level 2. HP: 18/19 MP: 2/2
   362 | D:1      | Reached XP level 3. HP: 21/24 MP: 3/3
   757 | D:2      | Reached skill level 4 in Fighting
   814 | D:2      | Reached skill level 4 in Armour
   814 | D:2      | Reached XP level 4. HP: 21/29 MP: 4/4
  1107 | D:2      | Reached skill level 3 in Maces & Flails
  1169 | D:2      | Found a deep blue altar of Sif Muna.
  1677 | D:3      | Found a shattered altar of Ashenzari.
  1677 | D:3      | Found a hazy altar of Hepliaklqana.
  1678 | D:3      | Found a bloodstained altar of Trog.
  1722 | D:3      | Found a snail-covered altar of Cheibriados.
  1872 | D:3      | Reached XP level 5. HP: 32/34 MP: 5/5
  2460 | D:4      | Found a glowing drain.
  2499 | Sewer    | Entered a sewer
  2590 | Sewer    | Noticed Purgy
  2595 | Sewer    | Killed Purgy
  2595 | Sewer    | Reached skill level 5 in Fighting
  2595 | Sewer    | Reached skill level 4 in Maces & Flails
  2595 | Sewer    | Reached skill level 5 in Armour
  2595 | Sewer    | Reached XP level 6. HP: 31/40 MP: 6/6
  3562 | D:5      | Entered Level 5 of the Dungeon
  4055 | D:5      | Reached XP level 7. HP: 40/44 MP: 7/7
  4070 | D:5      | Found a glowing golden altar of the Shining One.
  4847 | D:6      | Slain by an orc warrior

Skill      XL: |  1  2  3  4  5 |
---------------+----------------+-----
Fighting       | 4 5 |  5.8
Armour         | 4 5 |  5.7
Maces & Flails | 3 4 |  4.7
Shields        | |  3.2

Action                   |  1- 3 |  4- 6 |  7- 9 || total
-------------------------+-------+-------+-------++-------
Melee: Flail             |   145 |   308 |    26 ||   479
  Use: Scroll            |       |     7 |       ||     7
       Potion            |       |     1 |       ||     1
 Stab: Sleeping          |       |     2 |       ||     2
  Eat: Chunk             |       |    11 |     3 ||    14
Armor: Scale mail        |   107 |   195 |     9 ||   311
Dodge: Dodged            |    78 |   134 |    10 ||   222
Block: Shield            |    85 |   198 |    12 ||   295

Vault maps used:
D:1:      evilmike_arrival_fibonacci_small, minmay_misc_feat_room
D:2:      marbit_many_paths, serial_glass, glass_columns_b, glass_columns_c,
          glass_columns_a, glass_columns_a, glass_columns_b, glass_columns_a,
          first_ration
D:3:      grunt_temple_overflow_open, kennysheep_slug_shrine
D:4:      cheibrodos_sewer_entry_drain, feat_on_display
D:5:      serial_co_window_serial, co_window_paths_a, co_window_corner_a,
          co_window_of_opportunity_a, co_window_paths_a, co_window_paths_a,
          co_window_corner_a, co_window_corner_b, co_window_of_opportunity_b,
          co_window_2corner, glass_columns_a, glass_columns_b, glass_columns_b,
          glass_columns_c, glass_columns_c, tso_metal_star
D:6:      serial_shops, nicolae_shop_waterfront
Sewer:    kennysheep_door_sewer

Table legend:
 A = Turns spent in this place as a percentage of turns spent in the entire game.
 B = Non-inter-level travel turns spent in this place as a percentage of non-inter-level travel turns spent in the entire game.
 C = Inter-level travel turns spent in this place as a percentage of turns spent in this place.
 D = Turns resting spent in this place as a percentage of non-inter-level travel turns spent in this place.
 E = Turns spent auto-exploring this place as a percentage of non-inter-level travel turns spent in this place.
 F = Non-inter-level travel turns spent in this place divided by the number of levels of this place that you've seen.
                   A       B       C       D       E      F
               +-------+-------+-------+-------+-------+----------------------
         Total | 100.0 | 100.0 |   4.1 |  10.6 |  65.0 | 663.7
       Dungeon |  94.4 |  94.1 |   4.4 |  11.3 |  67.2 | 728.8
         Sewer |   5.6 |   5.9 |   0.0 |   0.0 |  30.8 | 273.0
               +-------+-------+-------+-------+-------+----------------------

Table legend:
 A = Kills in this place as a percentage of kills in entire the game.
 B = Kills by you in this place as a percentage of kills by you in the entire game.
 C = Kills by friends in this place as a percentage of kills by friends in the entire game.
 D = Other kills in this place as a percentage of other kills in the entire game.
 E = Experience gained in this place as a percentage of experience gained in the entire game.
 F = Experience gained in this place divided by the number of levels of this place that you have seen.
                   A       B       C       D       E      F
               +-------+-------+-------+-------+-------+----------------------
         Total | 100.0 | 100.0 |   N/A |   N/A | 100.0 | 112.7
       Dungeon |  93.9 |  93.9 |   N/A |   N/A |  81.9 | 107.7
         Sewer |   6.1 |   6.1 |   N/A |   N/A |  18.1 | 143.0
               +-------+-------+-------+-------+-------+----------------------
